 Dungeon Crawl Stone Soup version 0.28-a0-1506-g3893175d92 (webtiles) character file.

Game seed: 2850315205603213939

383 fragbeetle the Digger (level 6, -5/36 HPs)
             Began as a Gargoyle Earth Elementalist on Jan 14, 2022.
             Killed from afar by Pikel (9 damage)
             ... with an iceblast
             ... on level 5 of the Dungeon.
             The game lasted 00:12:39 (4198 turns).

fragbeetle the Digger (Gargoyle Earth Elementalist) Turns: 4198, Time: 00:12:40

Health: -5/36      AC:  9    Str: 14    XL:     6   Next: 76%
Magic:  9/9        EV: 12    Int: 15    God:
Gold:   154        SH:  0    Dex: 10    Spells: 5/9 levels left

rFire   . . .      SeeInvis .   q - +1 trident (venom)
rCold   . . .      Faith    .   (no shield)
rNeg    + . .      Spirit   .   j - +1 animal skin
rPois   ∞          Reflect  .   k - +0 helmet
rElec   +          Harm     .   (no cloak)
rCorr   .          Rampage  .   (no gloves)
Will    .....                   i - +0 pair of boots
Stlth   ++........              (no amulet)
HPRegen 0.12/turn               (no ring)
MPRegen 0.11/turn               (no ring)

@: no status effects
A: sickness immunity, AC +4, negative energy resistance 1, electricity
resistance, torment resistance 1, petrification resistance
a: no special abilities


You were on level 5 of the Dungeon.
You visited 1 branch of the dungeon, and saw 5 of its levels.

You collected 154 gold pieces.

Inventory:

Hand Weapons
 a - a +0 quarterstaff
 q - a +1 trident of venom (weapon)
Missiles
 c - 113 stones
 m - 5 boomerangs of dispersal
Armour
 i - a +0 pair of boots (worn)
 j - a +1 animal skin (worn)
 k - a +0 helmet (worn)
 o - a +0 buckler
Wands
 v - a wand of flame (17)
Scrolls
 b - 2 scrolls of brand weapon {unknown}
 d - 3 scrolls of teleportation {unknown}
 e - 3 scrolls of identify {unknown}
 n - a scroll of vulnerability {unknown}
 p - a scroll of acquirement {unknown}
 s - a scroll of fog {unknown}
 t - a scroll of silence {unknown}
 w - a scroll of enchant weapon {unknown}
 x - a scroll of enchant armour {unknown}
Potions
 f - a potion of resistance {unknown}
 g - a potion of flight {unknown}
 h - a potion of cancellation {unknown}
 l - a potion of lignification {unknown}
 r - 2 potions of mutation {unknown}
 u - 2 potions of haste {unknown}


   Skills:
 + Level 2.4 Fighting
 + Level 1.4 Staves
 + Level 2.6 Dodging
 + Level 3.9 Stealth
 - Level 2.0 Spellcasting
 * Level 3.0 Conjurations
 - Level 1.0 Transmutations
 + Level 5.3 Earth Magic


You had 5 spell levels left.
You knew the following spells:

 Your Spells              Type           Power      Damage    Failure   Level
a - Sandblast             Erth           34%        2d9       2%          1
b - Stone Arrow           Conj/Erth      26%        3d8       12%         3

Your spell library contained the following spells:

 Spells                   Type           Power      Damage    Failure   Level
 Passwall                 Tmut/Erth      8%         N/A       10%         2
 Animate Skeleton         Necr           2%         N/A       22%         1
 Pain                     Necr           4%         1d4       22%         1
 Petrify                  Tmut/Erth      10%        N/A       52%         4
 Vampiric Draining        Necr           1%         2d6       54%         3
 Passage of Golubria      Tloc           1%         N/A       91%         4
 Irradiate                Conj/Tmut      3%         3d15      95%         5
 Silence                  Hex/Air        0%         N/A       99%         5
 Lehudib's Crystal Spear  Conj/Erth      6%         10d3      100%        8
 Sublimation of Blood     Necr           Unusable   N/A       N/A         2

Dungeon Overview and Level Annotations

Branches:
Dungeon (5/15)
 Temple: D:4-7

Altars:

Shops:
D:4 (

Annotations:
D:2 Sigmund
D:5 Pikel


Innate Abilities, Weirdness & Mutations

You are immune to sickness and miasma.
Your stone body is resilient. (AC +4)
You are immune to poison.
You resist negative energy. (rN+)
You are resistant to electric shocks. (rElec)
You are resistant to unholy torment.
You are immune to petrification.


Message History

You destroy the adder skeleton!
You now have 142 gold pieces (gained 10).
Done exploring.
Done exploring.
(D) Dungeon
Where to? (Enter - D:4, ? - help)
What level of the Dungeon? (default 1, ? - help)
There is a stone staircase leading down here.
You climb downwards.
Found an escape hatch in the floor.
There is a stone staircase leading up here.
You aren't carrying any pieces of jewellery.
You open the door.
There is an open door here.
c - 113 stones (gained 19)
You open the door.
There is an open door here.
You open the door.
There is an open door here.
You now have 154 gold pieces (gained 12).
You open the door.
Pikel and 4 lemures come into view.
Pikel is wielding a +2 whip of freezing and carrying a wand of iceblast (10).
The lemure shouts! x2; You hear an angry hiss.
Pikel says, "I just want to get paid!"
The lemure shouts! x2
There is an open door here.
You closely miss the lemure. The lemure hits you.
Pikel zaps a wand.
The mass of ice explodes!
The iceblast engulfs you!
You hear an angry hiss.
There is an open door here.
You open the door.
There is an open door here.
Pikel zaps a wand.
The mass of ice explodes!
The iceblast engulfs you!
* * * LOW HITPOINT WARNING * * *
You close the door.
You start resting.
Pikel is nearby!
Pikel zaps a wand.
The mass of ice explodes!
The iceblast engulfs you!
You die...

##### ...# #######..>######
..... .......#..#.... ..5..
.......#..#.... ..5..
.......#<.#.... .....
......#'###..# .....
#.....##..######.....
#...@.#........#....$
#.....#........55....
###########.....#..5##...#5....
#..........K##+##...##...#.....
#..........5#..#..K.######.....
#...........'..#.....# .....
#...........#.K##...## .....
#############.5###'### #####
...............#


You could see Pikel and a lemure.

Vanquished Creatures
  A scorpion (D:4)
  An orc priest (D:4)
  2 jellies (D:4)
  A centaur skeleton (D:4)
  Ijyb (D:4)
  An orc wizard (D:3)
  Robin (D:2)
  2 adders
  A howler monkey skeleton (D:4)
  An adder skeleton (D:4)
  A dart slug (D:3)
  17 orcs
  3 ball pythons
  5 endoplasms
  A giant cockroach (D:1)
  19 goblins
  9 hobgoblins
  5 jackals
  3 quokkas
  7 bats
  3 frilled lizards
  5 kobolds
  3 rats
  A spectral kobold (D:1)
94 creatures vanquished.

Notes
Turn   | Place    | Note
-------+----------+-------------------------------------------
     0 | D:1      | fragbeetle the Gargoyle Earth Elementalist began the quest
                  | for the Orb.
     0 | D:1      | Reached XP level 1. HP: 10/10 MP: 3/3
   257 | D:1      | Reached XP level 2. HP: 16/16 MP: 5/5
   269 | D:1      | Reached skill level 1 in Transmutations
   324 | D:1      | Reached skill level 4 in Earth Magic
   364 | D:1      | Found a faded altar of an unknown god.
   856 | D:1      | Reached skill level 1 in Fighting
   856 | D:1      | Reached XP level 3. HP: 20/20 MP: 6/6
  1138 | D:2      | Noticed Robin
  1482 | D:2      | Killed Robin
  1598 | D:2      | Reached XP level 4. HP: 25/25 MP: 7/7
  1659 | D:2      | Learned a level 3 spell: Stone Arrow
  1673 | D:2      | Noticed Sigmund
  1710 | D:3      | You fall into a shaft and drop 1 floor!
  1731 | D:4      | Noticed a scorpion
  1738 | D:4      | Killed a scorpion
  1739 | D:4      | Reached skill level 1 in Conjurations
  1739 | D:4      | Reached XP level 5. HP: 30/30 MP: 4/8
  2394 | D:3      | Reached skill level 5 in Earth Magic
  3401 | D:4      | Reached skill level 1 in Staves
  3401 | D:4      | Reached XP level 6. HP: 20/35 MP: 9/9
  3567 | D:4      | Noticed Ijyb
  3583 | D:4      | Killed Ijyb
  3821 | D:4      | Found Ximnoebb's Weapon Shop.
  4124 | D:5      | Entered Level 5 of the Dungeon
  4171 | D:5      | Noticed Pikel
  4198 | D:5      | Killed from afar by Pikel

Illustrated notes

Levels and vault maps discovered:
D:1:      minmay_arrival_five_plusses, layout_basic,
          dreamdust_ecumenical_altar_drowned_temple
D:2:      layout_rooms, uniq_sigmund, uniq_robin
D:3:      layout_basic
D:4:      layout_rooms, serial_shops, nicolae_shop_statue_plus,
          grunt_ministairs_1, serial_bayou_ford_a, uniq_ijyb
D:5:      layout_gridville, nicolae_overflow_crystal_walls,
          minmay_temple_entry_slanted, uniq_eustachio, uniq_pikel

Skill      XL: |  1  2  3  4  5  6 |
---------------+-------------------+-----
Transmutations | 1 |  1.0
Earth Magic    | 4 5 |  5.3
Fighting       | 1 2 |  2.4
Dodging        | 2 |  2.6
Stealth        | 3 |  3.9
Conjurations   | 1 2 3 |  3.0
Staves         | 1 |  1.4
Spellcasting   | |  2.0

Action                   |  1- 3 |  4- 6 || total
-------------------------+-------+-------++-------
Melee: Quarterstaff      |    79 |    20 ||    99
       Trident           |       |   139 ||   139
       Punch             |       |     3 ||     3
 Cast: Sandblast         |     9 |    31 ||    40
       Stone Arrow       |       |     1 ||     1
  Use: Potion            |       |     1 ||     1
 Stab: Sleeping          |     5 |     6 ||    11
Armor: Robe              |    30 |       ||    30
       Animal skin       |       |    88 ||    88
Dodge: Dodged            |    83 |   107 ||   190

Table legend: (Time is in decaauts)
 A = Elapsed time spent in this place.
 B = Non-inter-level travel time spent in this place.
 C = Inter-level travel time spent in this place.
 D = Time resting spent in this place.
 E = Time spent auto-exploring this place.
 F = Levels seen in this place.
 G = Mean time per level.
                   A        B        C        D        E       F      G
               +--------+--------+--------+--------+--------+-----+--------+
         Total |   4281 |   4205 |     76 |   1194 |   1814 |   5 |  856.2 |
       Dungeon |   4281 |   4205 |     76 |   1194 |   1814 |   5 |  856.2 |
               +--------+--------+--------+--------+--------+-----+--------+

Top non-repeatable levels by time:
     D:3: 1521 daAuts
     D:1: 1452 daAuts
     D:4: 938 daAuts
     D:2: 295 daAuts
     D:5: 74 daAuts
